 Dungeon Crawl Stone Soup version 0.14.2-1-g46dc7f8a84 (webtiles) character file.

165 Hugehornet the Charlatan (level 4, -12/25 HPs)
             Began as a Kobold Artificer on May 15, 2020.
             Was an Initiate of Nemelex Xobeh.
             Mangled by a spiny frog (14 damage)
             ... summoned by the player character
             ... in a sewer.
             The game lasted 00:07:28 (1929 turns).

Hugehornet the Charlatan (Kobold Artificer)         Turns: 1929, Time: 00:07:28

HP -12/25        AC  7     Str 10      XL: 4   Next: 80%
MP   7/7         EV 13     Int 10      God: Nemelex Xobeh [......]
Gold 78          SH  0     Dex 16      Spells:  0 memorised,  3 levels left

rFire  . . .     SeeInvis .     (no weapon)
rCold  . . .     Clarity  .     e - +0 leather armour
rNeg   . . .     Conserve .     (no shield)
rPois  .         rCorr    .     (no helmet)
rElec  .         rRot     .     h - +0 cloak
SustAb . .       Spirit   .     (no gloves)
rMut   .         Warding  .     k - +2 pair of boots
Saprov + + .     Stasis   .     (no amulet)
MR     .....                    (no ring)
                                (no ring)

@: aura of abjuration, not resistant to hostile enchantments, stealthy
A: disease resistance, carnivore 3, saprovore 2
a: Renounce Religion


You were in a sewer.
You worshipped Nemelex Xobeh.
Nemelex Xobeh was noncommittal.
You were very full.

You visited 1 branch of the dungeon, and saw 3 of its levels.
You also visited: Sewer.

You collected 78 gold pieces.

Inventory:

Hand weapons
 a - a +0,+0 short sword
Armour
 e - a +0 leather armour (worn)
 h - a +0 cloak (worn)
 k - a +2 pair of boots (worn)
 r - a +0 shield
Magical devices
 b - a wand of flame (15)
 c - a wand of enslavement (15)
 d - a wand of random effects (15)
Comestibles
 f - 2 meat rations
Scrolls
 n - a scroll of teleportation
Potions
 i - a potion of might
 j - a potion of agility
 m - a potion of mutation {unknown}
 q - a potion of curing


   Skills:
 - Level 1.1 Fighting
 + Level 2.8 Short Blades
 - Level 2.4 Dodging
 * Level 4.0 Stealth
 + Level 4.9 Evocations


You had 3 spell levels left.
You didn't know any spells.

Dungeon Overview and Level Annotations

Branches:
Dungeon (3/15)

Altars:
Makhleb
Nemelex Xobeh
Trog


Innate Abilities, Weirdness & Mutations

You recuperate from illness quickly.
You are small and have problems with some larger weapons.
You are carnivorous and can eat meat at any time.
You can eat rotten meat.


Message History

The green rat bites you.
* * * LOW HITPOINT WARNING * * *
Wield which item (- for none, * to show all)? (? for menu, Esc to quit)
g - a plain deck of summonings {drawn: 8} (in hand)
The green rat barely misses you.
You draw a card...
It is the Crusade.
You begin to abjure the creatures around you!
The green rat bites you.
* * * LOW HITPOINT WARNING * * *
You draw a card...
It is the Crusade.
You extend your aura of abjuration.
The green rat barely misses you.
You draw a card...
It is the Herd.
The deck of cards disappears in a puff of smoke.
You are now empty-handed.
The spiny frog shudders.
The green rat closely misses you.
The spiny frog shudders.
The spiny frog barely misses you.
The spiny frog shudders.
The spiny frog stings you!
Ouch! That really hurt!
You die...
Your body disappears without a glow.

# .≈≈ ≈≈≈ #≈# ## #.# #.#
#.#.# ##r.# ## #.F## #.##@#.#
#.#%###.# ##.## ## #.#.#
##############.##############
≈≈.≈≈≈≈≈≈≈..≈≈≈..%.≈.≈≈#≈≈≈≈≈
.≈≈≈≈≈≈≈%..≈....≈.≈≈.≈≈#≈≈≈≈≈
#############################


You could see a spiny frog and a green rat.

Vanquished Creatures
  An adder (D:2)
  2 giant mites (D:3)
  An ooze (D:1)
  5 ball pythons
  4 bats
  A giant cockroach (D:2)
  3 goblins (D:1)
  2 hobgoblins
  3 giant newts
  4 kobolds
  5 rats
31 creatures vanquished.

Vanquished Creatures (collateral kills)
  Terence (D:2)
  4 gnolls (D:3)
  A giant gecko (D:2)
  A giant cockroach (D:2)
  3 goblins (D:2)
  2 jackals (D:3)
  A quokka (D:2)
  A giant newt (D:3)
  A kobold (D:2)
  A rat (D:2)
16 creatures vanquished.

Vanquished Creatures (others)
  A dancing weapon (D:2)
  A quasit (D:2)
2 creatures vanquished.

Grand Total: 49 creatures vanquished

Notes
Turn   | Place    | Note
--------------------------------------------------------------
     0 | D:1      | Hugehornet, the Kobold Artificer, began the quest for the Orb.
     0 | D:1      | Reached XP level 1. HP: 12/12 MP: 1/1
   355 | D:1      | Reached XP level 2. HP: 14/16 MP: 3/3
   659 | D:1      | Reached skill level 4 in Evocations
   749 | D:2      | Reached XP level 3. HP: 8/20 MP: 5/5
  1072 | D:2      | Found a bloodstained altar of Trog.
  1072 | D:2      | Found a sparkling altar of Nemelex Xobeh.
  1197 | D:2      | Became a worshipper of Nemelex Xobeh the Trickster
  1201 | D:2      | Received a gift from Nemelex Xobeh
  1316 | D:2      | Found a burning altar of Makhleb.
  1353 | D:2      | Noticed Terence
  1367 | D:2      | Killed Terence
  1731 | D:3      | Reached XP level 4. HP: 25/25 MP: 6/6
  1810 | D:3      | Found a glowing drain.
  1837 | Sewer    | Entered a sewer
  1925 | Sewer    | HP: 1/25 [green rat (1)]
  1927 | Sewer    | Noticed a spiny frog
  1929 | Sewer    | Mangled by a spiny frog

Action                   |  1- 3 |  4- 6 || total
-------------------------+-------+-------++-------
Melee: Short sword       |    90 |    40 ||   130
Evoke: Deck              |     8 |     3 ||    11
  Use: Scroll            |     2 |     6 ||     8
 Stab: Sleeping          |     2 |     2 ||     4
